 Dungeon Crawl Stone Soup version 0.22.1-1-ga44c0e5 (webtiles) character file.

53 Harpaggios the Sneak (level 3, -2/16 HPs)
             Began as a Vine Stalker Enchanter on Oct 20, 2018.
             Slain by a gnoll
             ... wielding a +0 club
              (5 damage)
             ... on level 1 of the Dungeon.
             The game lasted 00:07:05 (1848 turns).

Harpaggios the Sneak (Vine Stalker Enchanter)       Turns: 1848, Time: 00:07:06

Health: -2/16      AC:  2    Str: 10    XL:     3   Next: 89%
Magic:  0/8        EV: 12    Int: 15    God:
Gold:   116        SH:  0    Dex: 15    Spells: 7/8 levels left

rFire    . . .     SeeInvis .   h - -3 dagger (curse)
rCold    . . .     Gourm    .   (no shield)
rNeg     . . .     Faith    .   b - +0 robe
rPois    .         Spirit   +   (no helmet)
rElec    .         Reflect  .   (no cloak)
rCorr    .         Harm     .   (no gloves)
MR       .....                  (no boots)
Stlth    ++........             (no amulet)
HPRegen  0.05/turn              (no ring)
MPRegen  0.11/turn              (no ring)

@: no status effects
A: fangs 2, magic shield, antimagic bite, no potion heal 3, rot immunity
a: no special abilities


You were on level 1 of the Dungeon.
You were very hungry.

You visited 1 branch of the dungeon, and saw 2 of its levels.

You collected 116 gold pieces.

Inventory:

Hand Weapons
 a - a +2 dagger
 h - a cursed -3 dagger (weapon)
Armour
 b - a +0 robe (worn)
Wands
 e - a wand of polymorph (9)
Scrolls
 c - a scroll of enchant weapon
Potions
 f - a potion of agility
 g - a potion of brilliance {unknown}
Comestibles
 d - 3 rations


   Skills:
 + Level 2.0 Short Blades
 - Level 1.5 Dodging
 - Level 3.6 Stealth
 - Level 3.0 Spellcasting
 + Level 3.6 Hexes


You had 7 spell levels left.
You knew the following spells:

 Your Spells              Type           Power        Failure   Level  Hunger
a - Corona                Hex            ##.....      4%          1    #......

Your spell library contained the following spells:

 Spells                   Type           Power        Failure   Level  Hunger
 Ensorcelled Hibernation  Hex/Ice        #.....       14%         2    ##.....
 Confuse                  Hex            ##......     14%         3    ###....
 Tukima's Dance           Hex            ##......     14%         3    ###....
 Dazzling Spray           Conj/Hex       #.....       28%         3    ###....


Dungeon Overview and Level Annotations

Branches:
Dungeon (2/15)

Altars:


Innate Abilities, Weirdness & Mutations

You have extremely sharp teeth.
When hurt, damage is shared between your health and your magic reserves.
Your bite disrupts and absorbs the magic of your enemies.
Potions cannot restore your health.
You are immune to rotting.


Message History

You see here a club.
You see here a mace.
Casting: Corona (safe; 4% risk of failure)
Confirm with . or Enter, or press ? or * to list all spells.
Aiming: Corona (safe; 4% risk of failure)
Press: ? - help, Shift-Dir - straight line, f/p - gnoll
Aim: a gnoll, wielding a club (chance to defeat MR: 58%)
The gnoll struggles to resist.
The gnoll hits you with a club. The gnoll hits you but does no damage.
Casting: Corona (safe; 4% risk of failure)
Confirm with . or Enter, or press ? or * to list all spells.
Aiming: Corona (safe; 4% risk of failure)
Press: ? - help, Shift-Dir - straight line, f/p - gnoll
Aim: a gnoll, wielding a club (chance to defeat MR: 58%)
The gnoll is outlined in light.
You hit the gnoll but do no damage. The gnoll hits you with a club.
* * * LOW HITPOINT WARNING * * *
You hit the gnoll but do no damage. Your bite misses the gnoll.
The gnoll hits you with a club!
You die...

#.#.....#####....#.#.#####...#
#.'.....+...'....+.......'...'
###.....#####..).##'######...#
####........###........##'##
#........# #........##.#
#........# #........##.##
#........# #........##...
#........# #........##.##
#.......@# #........##.#.
#.......g# #........##.#.
#........######).#####.#.
#................## #.#.
########..........# #.#.
#..........## #.##
#...........# #.#
###########.###'## #..#....


You could see a gnoll.

Vanquished Creatures
  A gnoll (D:1)
  3 dart slugs (D:1)
  A leopard gecko (D:2)
  3 giant cockroaches (D:1)
  7 hobgoblins (D:1)
  A ball python (D:2)
  9 bats
  2 frilled lizards
  4 goblins
  A kobold (D:1)
  5 rats (D:1)
37 creatures vanquished.

Notes
Turn   | Place    | Note
-------+----------+-------------------------------------------
     0 | D:1      | Harpaggios the Vine Stalker Enchanter began the quest for
                  | the Orb.
     0 | D:1      | Reached XP level 1. HP: 9/9 MP: 4/4
    12 | D:1      | Reached skill level 1 in Short Blades
   351 | D:1      | Reached XP level 2. HP: 13/13 MP: 6/6
   828 | D:1      | Reached XP level 3. HP: 13/16 MP: 8/8
  1848 | D:1      | Slain by a gnoll

Skill      XL: |  1  2  3 |
---------------+----------+-----
Short Blades   | 1 2 |  2.0
Spellcasting   | 3 |  3.0
Dodging        | |  1.5
Stealth        | |  3.6
Hexes          | |  3.6

Action                   || total
-------------------------++-------
Melee: Dagger            ||   113
       Bite              ||    29
 Cast: Corona            ||    32
  Use: Scroll            ||     5
       Potion            ||     2
 Stab: Sleeping          ||     4
  Eat: Chunk             ||     2
Armor: Robe              ||    22
Dodge: Dodged            ||    65
